AoeStats
← Beowulf

Black Forest

504635142Analyzed
1v1 RM · 27d ago on Sep 6, 2026· 43m 57s· 2 players
Game mode
Random Map
Map size
Tiny (2 player)
Population
200
Speed
Normal
Resources
Standard
Victory
Conquest
Starting age
Dark Age
Ending age
Imperial Age
RankedLock teamsTeams togetherTeam positionsShared explorationLock speedFull tech treeHidden civsTurbo modeCheats
Victory
Defeat
🇺🇸 Franks · United States
479
+11
🇨🇱 Persians · Chile
288
-8
DICO
14:00 Feudal Age
14:17 Horse Collar
14:29 Double-Bit Axe
26:13 Castle Age
24:55 Wheelbarrow
24:42 Fletching
25:06 Forging
25:34 Gold Mining
28:26 Scale Mail Armor
30:40 Stone Mining
31:05 Loom
32:47 Crossbowman
36:36 Iron Casting
41:10 Husbandry
Beowulf
13:48 Feudal Age
22:01 Arson
26:21 Castle Age
24:16 Double-Bit Axe
24:24 Gold Mining
27:09 Scale Barding Armor
29:54 Bow Saw
30:12 Chain Barding Armor
32:17 Light Cavalry
33:32 Chain Barding Armor
39:23 Town Watch
44:17 Imperial Age
41:49 Town Patrol
43:00 Chain Barding Armor
42:45 Husbandry
43:28 Wheelbarrow
Connection lost

Rejoining the realm…

Still unreachable

The connection could not be restored.

Session expired

The server has moved on; the page needs a fresh start.